 Dungeon Crawl Stone Soup version 0.31.0-11-ge490571c62 (webtiles) character file.

Game seed: 18150039457099181607

40 qw the Shooter (level 3, 0/20 HPs)
             Began as a Deep Elf Hunter on Feb 5, 2024.
             Slain by a ribbon worm (1 damage)
             ... on level 2 of the Dungeon.
             The game lasted 00:00:21 (608 turns).

qw the Shooter (Deep Elf Hunter)                     Turns: 608, Time: 00:00:21

Health: 0/20       AC:  4    Str:  9 (10) XL:     3   Next: 30%
Magic:  5/5        EV: 12    Int: 11 (13) God:
Gold:   73         SH:  0    Dex: 15 (18) Spells: 2/2 levels left

rFire   . . .        a - +0 shortbow
rCold   . . .        (shield currently unavailable)
rNeg    . . .        c - +0 leather armour
rPois   .            (no helmet)
rElec   .            d - +0 cloak
rCorr   .            (no gloves)
SInv    .            (no boots)
Will    .....        (no amulet)
Stlth   ++           (no ring)
HPRegen 0.23/turn    (no ring)
MPRegen 0.09/turn

%: no passive effects
@: no status effects
A: no striking features
a: no special abilities


You were on level 2 of the Dungeon.
You visited 1 branch of the dungeon, and saw 2 of its levels.

You collected 73 gold pieces.


   Skills:
 - Level 1.5 Fighting
 + Level 6.9 Ranged Weapons
 - Level 2.4 Dodging
 - Level 1.2 Stealth


You had 2 spell levels left.
You didn't know any spells.
Your spell library was empty.

Inventory:

Hand Weapons
 a - a +0 shortbow (weapon)
Armour
 c - a +0 leather armour (worn)
 d - a +0 cloak (worn)
Scrolls
 b - a scroll of summoning {unknown}
 e - 2 scrolls of identify {unknown}
 f - a scroll of vulnerability {unknown}

Dungeon Overview and Level Annotations

Branches:
Dungeon (2/15)

Altars:


Message History

The arrow barely misses the ribbon worm.
You shoot an arrow. The arrow hits the ribbon worm.
The ribbon worm is lightly wounded.
The kobold throws a stone.
The stone closely misses you.
You shoot an arrow. The arrow hits the ribbon worm.
The ribbon worm is lightly wounded.
The kobold throws a stone.
The stone barely misses you. The ribbon worm misses you.
You shoot an arrow.
The arrow barely misses the ribbon worm.
The ribbon worm closely misses you. Terence hits you with a +1 heavy flail.
You shoot an arrow.
The arrow barely misses the ribbon worm.
The ribbon worm expels a string of sticky webbing.
The stream of webbing misses you.
You shoot an arrow. The arrow closely misses Terence.
Terence closely misses you. The ribbon worm bites you.
You shoot an arrow. The arrow hits Terence.
Terence is lightly wounded.
Terence barely misses you.
You shoot an arrow. The arrow hits Terence!
Terence is severely wounded.
The ribbon worm bites you but does no damage.
You shoot an arrow.
The arrow hits Terence but does no damage.
Terence is severely wounded.
Terence hits you with a +1 heavy flail!
Ouch! That really hurt!
The ribbon worm expels a string of sticky webbing.
The stream of webbing hits you but does no damage.
You are caught in a web!
You struggle to detach yourself from the web.
The ribbon worm bites you. Terence completely misses you.
The web tears apart.
The ribbon worm barely misses you. Terence barely misses you.
You shoot an arrow. The arrow hits Terence!
You kill Terence!
The kobold throws a stone.
The stone closely misses you. The ribbon worm bites you.
You die...

.......<....(......##.#
##(###############.##.#.#
#.......# ##.###.###
+......# #..##### #+#
#.## ##.####.# #)@.....#
.....Kw......#
'#...%######.# .....> #.#
..... #.# ..... #.# ..).
#.# .... #.#


You could see a ribbon worm (catching breath) and a kobold.

Vanquished Creatures
  Terence (D:2)
  A ribbon worm (D:2)
  A dart slug (D:1)
  3 ball pythons
  4 bats (D:1)
  3 endoplasms (D:1)
  A giant cockroach (D:1)
  A goblin (D:1)
  4 hobgoblins
  3 jackals (D:1)
  3 quokkas (D:1)
  A frilled lizard (D:1)
  3 kobolds
  3 rats (D:1)
32 creatures vanquished.

Notes
Turn   | Place    | Note
-------+----------+-------------------------------------------
     0 | D:1      | qw the Deep Elf Hunter began the quest for the Orb.
     0 | D:1      | Reached XP level 1. HP: 12/12 MP: 3/3
     0 | D:1      | 0 ||| qw: Version: 0.3-a-160-g6735b56
     0 | D:1      | 0 ||| qw: Game counter: 6571
     0 | D:1      | 0 ||| qw: Melee chars always use a shield: true
     0 | D:1      | 0 ||| qw: God list: Okawaru
     0 | D:1      | 0 ||| qw: Allow faded altars: false
     0 | D:1      | 0 ||| qw: Do Orc after clearing Dungeon:15 true
     0 | D:1      | 0 ||| qw: Do second Lair branch before Depths: true
     0 | D:1      | 0 ||| qw: Lair rune preference: random
     0 | D:1      | 0 ||| qw: Goals: Normal
     0 | D:1      | 0 ||| PLANNING D:1-11
    69 | D:1      | Reached XP level 2. HP: 13/16 MP: 4/4
    73 | D:1      | Reached skill level 6 in Ranged Weapons
   340 | D:1      | Reached XP level 3. HP: 20/20 MP: 5/5
   500 | D:1      | 500 ||| UPGRADING to +0 cloak.
   505 | D:1      | 505 ||| READING scroll labelled GEIDASIAKI.
   506 | D:1      | 506 ||| READING scroll labelled NEARPH ELAYPU.
   511 | D:1      | 511 ||| READING scroll labelled YMUEMOU MEODDE.
   512 | D:1      | 512 ||| DRINKING 2 pink potions.
   513 | D:1      | 513 ||| DROPPING scroll of butterflies.
   514 | D:1      | 514 ||| DROPPING potion of degeneration.
   592 | D:2      | Noticed Terence
   605 | D:2      | HP: 4/20 [Terence/+1 heavy flail (14)]
   606 | D:2      | HP: 1/20 [ribbon worm (3)]
   608 | D:2      | Killed Terence
   608 | D:2      | Slain by a ribbon worm

Levels and vault maps discovered:
D:1:      mushboom_english_gardens, layout_rooms
D:2:      layout_basic, serial_park_tiny_pond, nicolae_figureground_pulse,
          uniq_terence

Skill      XL: |  1  2 |
---------------+-------+-----
Ranged Weapons | 6 |  6.9
Fighting       | |  1.5
Dodging        | |  2.4
Stealth        | |  1.2

Action                     || total
---------------------------++-------
   Fire: Shortbow          ||    94
    Use: Scroll            ||     3
         Potion            ||     1
 Armour: Leather armour    ||    19
  Dodge: Dodged            ||    32

Table legend:
 A = Non-vault XP
 B = Vault XP
 C = Vault XP percentage of total XP
 D = Non-vault monster count
 E = Vault monster count
 F = Vault count percentage of total count
                 A         B        C        D         E       F
            +---------+---------+-------+---------+---------+-------
      Total |      58 |      32 |  35.6 |      31 |       1 |   3.1
            +---------+---------+-------+---------+---------+-------
        D:1 |      48 |       0 |   0.0 |      27 |       0 |   0.0
        D:2 |      10 |      32 |  76.2 |       4 |       1 |  20.0
            +---------+---------+-------+---------+---------+-------
